 Dungeon Crawl Stone Soup version 0.31.0-11-ge490571c62 (webtiles) character file.

Game seed: 9309962493505107495

788695 browni3141 the Annihilator (level 27, -3/209 HPs)
             Began as a Demonspawn Fire Elementalist on Jan 30, 2024.
             Was the Champion of Vehumet.
             Slain by a balrug
             ... wielding a +0 demon whip of draining
              (12 damage)
             ... in Pandemonium on Jan 31, 2024.
             The game lasted 06:03:44 (95587 turns).

browni3141 the Annihilator (DsFE)                  Turns: 95587, Time: 06:03:45

Health: -3/209     AC: 34    Str: 15    XL:     27
Magic:  0/46       EV: 12    Int: 34    God:    Vehumet [******]
Gold:   3687       SH: 17    Dex: 16    Spells: 2/65 levels left

rFire   + . .        a - +9 hand cannon (flame)
rCold   + . .        B - +5 kite shield {reflect}
rNeg    + + +        Q - +9 ice dragon scales
rPois   +            U - +2 hat of the Bear Spirit {Spirit, Bear, *Rage Will++}
rElec   +            n - +4 dragonskin cloak
rCorr   +            (gloves unavailable)
SInv    +            R - +0 pair of boots "Hoetwid" {Will++ rCorr SInv Stlth-}
Will    +++++        d - amulet of Charity {^Contam Rampage rPois Regen+ Int+7} Stlth
                     M - ring "Alief" {^Drain AC+4 Int+6}
HPRegen 1.34/turn    H - ring "Bafu Kawk" {rElec rPois rF++ rC- rN+++}
MPRegen 0.30/turn

%: random rage (20%), reflection, guardian spirit, rampage
@: on fire, glowing, studying Axes, unable to read
A: claws 3, thin metallic scales 3, ignite blood 3, powered by death 3, black
mark, bedeviling, aura of silence, talons 1, deformed body, poison resistance,
robust 1, inability to read after injury 1
}: 7/15 runes: serpentine, barnacled, slimy, silver, abyssal, demonic, dark
a: Renounce Religion


You were in Pandemonium.
You worshipped Vehumet.
Vehumet was exalted by your worship.
You visited 12 branches of the dungeon, and saw 56 of its levels.
You visited Pandemonium 1 time, and saw 7 of its levels.
You visited the Abyss 1 time.
You visited 1 bazaar.
You also visited: Ossuary, Gauntlet, Ice Cave, Volcano, Wizlab and Desolation.

You collected 11949 gold pieces.
You spent 8262 gold pieces at shops.

Inventory:

Hand Weapons
 a - a +9 hand cannon of flaming (weapon)
Missiles
 z - 20 curare-tipped darts
 E - 5 throwing nets
Armour
 n - the +4 dragonskin cloak (worn)
   (You took it off Tiamat on level 3 of the Realm of Zot)

   Avatar's Aegis: It grants the wearer a chance to resist fire, cold, poison,
   electricity, acid, and negative energy.
 B - a +5 kite shield of reflection (worn)
 Q - +9 ice dragon scales (worn)
 R - the +0 pair of boots "Hoetwid" (worn) {Will++ rCorr SInv Stlth-}
   (You found it on level 5 of the Pits of Slime)

   Will++:    It greatly increases your willpower.
   SInv:      It lets you see invisible.
   rCorr:     It protects you from acid and corrosion.
   Stlth-:    It makes you less stealthy.
 U - the +2 hat of the Bear Spirit (worn) {Spirit, Bear, *Rage Will++}
   (You found it on level 4 of the Shoals)

   Bear:      Going berserk makes the wearer exceptionally tough, and they are
   slowed for a shorter time afterward.
   Will++:    It greatly increases your willpower.
   *Rage:     It berserks you when you make melee attacks (+20% chance).
Magical Staves
 b - the staff "Acarinebane" {rN++ Str+2 Conj Air}
   (You found it on level 1 of the Vaults)

   [staff of conjuration]

   Base accuracy: +5 Base damage: 5 Base attack delay: 1.2 This weapon's minimum
   attack delay (0.6) is reached at skill level 12.
   Str+2:     It affects your strength (+2).
   rN++:      It greatly protects you from negative energy.
   Conj:      It increases the power of your Conjurations spells.
   Air:       It increases the power of your Air spells.
   It falls into the 'Staves' category.
   It is a one-handed weapon.
Jewellery
 d - the amulet of Charity (around neck) {^Contam Rampage rPois Regen+ Int+7}
   (You found it on level 5 of the Pits of Slime)

   [amulet of regeneration]

   Int+7:     It affects your intelligence (+7).
   rPois:     It protects you from poison ^Contam: It causes magical
   contamination when unequipped.
   Regen+:    It increases your rate of health regeneration.
   Rampage:   It bestows one free step when moving towards enemies.
 v - the ring "Oqaemeuz" {rF+ Int+6 Dex+6 Slay-4}
   (You found it on level 5 of the Vaults)

   [ring of protection from fire]

   Int+6:     It affects your intelligence (+6).
   Dex+6:     It affects your dexterity (+6).
   Slay-4:    It affects your accuracy & damage with ranged weapons and melee
   (-4).
   rF+:       It protects you from fire.
 G - a ring of protection from fire
 H - the ring "Bafu Kawk" (right claw) {rElec rPois rF++ rC- rN+++}
   (You found it on level 5 of the Pits of Slime)

   [ring of poison resistance]

   rF++:      It greatly protects you from fire.
   rC-:       It makes you vulnerable to cold.
   rElec:     It insulates you from electricity.
   rPois:     It protects you from poison rN+++: It renders you almost immune to
   negative energy.
 J - the ring "Tauckit" {^Contam rElec rPois rF+ Str+3}
   (You found it in a Gauntlet)

   [ring of poison resistance]

   Str+3:     It affects your strength (+3).
   rF+:       It protects you from fire.
   rElec:     It insulates you from electricity.
   rPois:     It protects you from poison ^Contam: It causes magical
   contamination when unequipped.
 K - the amulet of Departure {RegenMP rPois rCorr Stlth+}
   (You found it in the Desolation of Salt)

   [amulet of magic regeneration]

   RegenMP:   It increases your rate of magic regeneration.
   rPois:     It protects you from poison rCorr: It protects you from acid and
   corrosion.
   Stlth+:    It makes you more stealthy.
 L - the ring "Hoajol" {Fire *Corrode rPois Int+4 Dex+3}
   (You bought it in a shop in a bazaar)

   [ring of fire]

   Fire:      It enhances your fire magic.
   Int+4:     It affects your intelligence (+4).
   Dex+3:     It affects your dexterity (+3).
   rF+:       It protects you from fire.
   rC-:       It makes you vulnerable to cold.
   rPois:     It protects you from poison *Corrode: It may corrode you when you
   take damage.
 M - the ring "Alief" (left claw) {^Drain AC+4 Int+6}
   (You bought it in a shop in a bazaar)

   [ring of protection]

   AC+4:      It affects your AC (+4).
   Int+6:     It affects your intelligence (+6).
   ^Drain:    It drains your maximum health when unequipped.
 X - a ring of ice
 Z - the amulet of Vitality {RegenMP++ Regen++}
   (You found it in the Desolation of Salt)

   [amulet of magic regeneration]

   RegenMP:   It increases your rate of magic regeneration.
   Regen++:   It increases your rate of health regeneration.
Wands
 l - a wand of paralysis (58)
 A - a wand of iceblast (90)
 C - a wand of digging (2)
 O - a wand of mindburst (66)
 S - a wand of light (37)
Scrolls
 e - 16 scrolls of fog
 g - 13 scrolls of immolation
 h - 2 scrolls of butterflies
 i - 10 scrolls of revelation
 o - 16 scrolls of vulnerability
 q - 13 scrolls of fear
 s - 2 scrolls of torment
 t - 7 scrolls of blinking
 y - 4 scrolls of amnesia
 D - 32 scrolls of teleportation
 N - 14 scrolls of poison
 W - 2 scrolls of silence
Potions
 c - 12 potions of invisibility
 f - 11 potions of attraction
 j - 9 potions of haste
 k - 12 potions of enlightenment
 m - 30 potions of curing
 p - 7 potions of mutation
 r - 3 potions of magic
 x - 7 potions of ambrosia
 F - 10 potions of brilliance
 I - 10 potions of heal wounds
 T - 7 potions of lignification
 V - 11 potions of cancellation
 Y - 3 potions of resistance
Miscellaneous
 u - a condenser vane
 w - a phantom mirror
 P - a phial of floods


   Skills:
 - Level 10.0 Fighting
 - Level 18.0 Ranged Weapons
 - Level 2.0 Throwing
 - Level 10.0 Armour
 - Level 10.2 Dodging
 - Level 2.0 Stealth
 - Level 10.0 Shields
 - Level 1.0 Unarmed Combat
 * Level 19.6 Spellcasting
 O Level 27 Conjurations
 - Level 5.0 Hexes
 - Level 13.0 Translocations
 - Level 24.5 Fire Magic
 - Level 5.0 Air Magic
 * Level 9.9 Earth Magic
 - Level 5.0 Alchemy
 - Level 5.0 Evocations


You had 2 spell levels left.
You knew the following spells:

 Your Spells              Type           Power      Damage    Failure   Level
a - Passage of Golubria   Tloc           89%        N/A       1%          4
b - Starburst             Conj/Fire      59%        6d16      1%          6
c - Orb of Destruction    Conj           60%        9d15      1%          7
d - Fire Storm            Conj/Fire      59%        8d15      6%          9
e - Dispersal             Tloc           44%        N/A       6%          6
f - Iskenderun's Mystic   Conj/Tloc      100%       2d19      0%          4
g - Lehudib's Crystal Sp  Conj/Erth      51%        10d12     8%          8
h - Ignition              Fire           58%        3d16      1%          8
i - Yara's Violent Unrav  Hex/Alch       39%        3d16      9%          5
j - Dimensional Bullseye  Hex/Tloc       48%        N/A       2%          4
k - Blink                 Tloc           100%       N/A       1%          2

Your spell library contained the following spells:

 Spells                   Type           Power      Damage    Failure   Level
 Foxfire                  Conj/Fire      100%       2x1d9     0%          1
 Shock                    Conj/Air       100%       1d9       0%          1
 Sting                    Conj/Alch      100%       1d9       0%          1
 Momentum Strike          Conj/Tloc      100%       3d10      0%          2
 Scorch                   Fire           100%       2d9       0%          2
 Static Discharge         Conj/Air       100%       3-8/arc   0%          2
 Apportation              Tloc           100%       N/A       1%          1
 Kiss of Death            Conj/Necr      100%       2d13      1%          1
 Sandblast                Erth           100%       2d20      1%          1
 Slow                     Hex            100%       N/A       1%          1
 Jinxbite                 Hex            100%       N/A       1%          2
 Lesser Beckoning         Tloc           100%       N/A       1%          2
 Mercury Vapours          Alch/Air       100%       N/A       1%          2
 Freeze                   Ice            100%       1d10      2%          1
 Cigotuvi's Dreadful Rot  Necr/Alch/Air  100%       N/A       3%          2
 Ensorcelled Hibernation  Hex/Ice        100%       N/A       4%          2
 Necrotise                Necr           100%       1d9       9%          1
 Summon Small Mammal      Summ           100%       N/A       9%          1
 Call Imp                 Summ           66%        N/A       13%         2
 Sublimation of Blood     Necr           33%        N/A       13%         2
 Stone Arrow              Conj/Erth      100%       3d13      0%          3
 Volatile Blastmotes      Fire/Tloc      100%       2d18      0%          3
 Flame Wave               Conj/Fire      100%       2d21      0%          4
 Fireball                 Conj/Fire      59%        3d23      0%          5
 Iskenderun's Battlesphe  Conj           100%       2d15      0%          5
 Dazzling Flash           Conj/Hex       100%       N/A       1%          3
 Gell's Gravitas          Tloc           89%        N/A       1%          3
 Hailstorm                Conj/Ice       90%        3d15      1%          3
 Inner Flame              Hex/Fire       100%       N/A       1%          3
 Passwall                 Erth           79%        N/A       1%          3
 Brom's Barrelling Bould  Conj/Erth      100%       2d11      1%          4
 Fulminant Prism          Conj/Alch      48%        3d21      1%          4
 Manifold Assault         Tloc           89%        N/A       1%          4
 Sticky Flame             Fire/Alch      93%        2d14      1%          4
 Summon Blazeheart Golem  Fire/Summ      86%        N/A       1%          4
 Irradiate                Conj/Alch      48%        3d27      1%          5
 Lee's Rapid Deconstruct  Erth           39%        3d19*     1%          5
 Bombard                  Conj/Erth      51%        9d9       1%          6
 Conjure Ball Lightning   Conj/Air       48%        3x3d17    1%          6
 Plasma Beam              Fire/Air       46%        2x1d61    1%          6
 Confusing Touch          Hex            79%        N/A       3%          3
 Sigil of Binding         Hex            79%        N/A       3%          3
 Swiftness                Air            61%        N/A       3%          3
 Tukima's Dance           Hex            79%        N/A       3%          3
 Airstrike                Air            30%        2d(5-21)  3%          4
 Olgreb's Toxic Radiance  Alch           61%        N/A       3%          4
 Leda's Liquefaction      Alch/Erth      35%        N/A       4%          4
 Petrify                  Alch/Erth      71%        N/A       4%          4
 Frozen Ramparts          Ice            66%        1d10      7%          3
 Spellforged Servitor     Conj/Summ      45%        N/A       8%          7
 Animate Armour           Summ/Erth      100%       N/A       11%         4
 Cause Fear               Hex            39%        N/A       11%         4
 Summon Forest            Summ/Tloc      33%        N/A       17%         5
 Call Canine Familiar     Summ           33%        N/A       26%         3
 Fugue of the Fallen      Necr           33%        N/A       26%         3
 Summon Ice Beast         Ice/Summ       33%        N/A       26%         3
 Vampiric Draining        Necr           33%        2d8       26%         3
 Anguish                  Hex/Necr       33%        N/A       30%         4
 Summon Lightning Spire   Summ/Air       50%        N/A       30%         4
 Alistair's Intoxication  Alch           40%        N/A       30%         5
 Borgnjor's Vile Clutch   Necr/Erth      30%        N/A       30%         5
 Silence                  Hex/Air        39%        N/A       30%         5
 Eringya's Noxious Bog    Alch           30%        4d6       38%         6
 Animate Dead             Necr           33%        N/A       65%         4
 Dispel Undead            Necr           33%        3d14      65%         4
 Martyr's Knell           Necr/Summ      33%        N/A       65%         4
 Metabolic Englaciation   Hex/Ice        33%        N/A       65%         5
 Curse of Agony           Necr           33%        N/A       94%         5
 Disjunction              Tloc           44%        N/A       95%         8
 Chain Lightning          Conj/Air       48%        3d64      95%         9
 Sculpt Simulacrum        Ice/Alch       25%        N/A       99%         6
 Death Channel            Necr           16%        N/A       100%        6
 Enfeeble                 Hex            39%        N/A       100%        7
 Haunt                    Necr/Summ      16%        N/A       100%        7
 Ozocubu's Refrigeration  Ice            16%        4d11      100%        7
 Summon Hydra             Summ           16%        N/A       100%        7
 Borgnjor's Revivificati  Necr           16%        N/A       100%        8
 Discord                  Hex            39%        N/A       100%        8
 Infestation              Necr           16%        N/A       100%        8
 Death's Door             Necr           16%        N/A       100%        9
 Dragon's Call            Summ           16%        N/A       100%        9
 Polar Vortex             Ice            16%        12d2*     100%        9


Dungeon Overview and Level Annotations

Branches:
Dungeon (15/15)            Temple (1/1) D:6            Lair (5/5) D:8
 Shoals (4/4) Lair:3        Snake (4/4) Lair:3        Slime (5/5) Lair:4
    Orc (2/2) D:12            Elf (3/3) Orc:2        Vaults (5/5) D:13
  Crypt (3/3) Vaults:2       Tomb (0/3) Crypt:3      Depths (4/4) D:15
    Zot (5/5) Depths:4    Ossuary (visited)           IceCv (visited)
Volcano (visited)          WizLab (visited)         Desolation (visited)
Gauntlet (visited)

Altars:
Ashenzari
Cheibriados
Dithmenos
Fedhas
Gozag
Hepliaklqana
Kikubaaqudgha
Makhleb
Nemelex Xobeh
Okawaru
Qazlal
Ru
Sif Muna
Trog
Uskayaw
Vehumet
Wu Jian
Xom
Yredelemnul
Jiyva

Shops:
D:4 *   D:10 (   Orc:2 *??(*   Elf:1 !   Elf:2 ?   Elf:3 *=   Shoals:3 *
Snake:1 [(![   Vaults:3 :([   Depths:1 ?

Portals:
Hell: Depths:1 Depths:2 Depths:3 Depths:4
Abyss: D:10 Depths:2 Depths:3
Pandemonium: Depths:1 Depths:2
Ziggurat: Depths:2
Trove: Depths:4 (give 4 potions of resistance)


Innate Abilities, Weirdness & Mutations

You have claws for hands.
You are completely covered in thin metallic scales. (AC +4, rElec)
Your demonic aura causes all spilled blood to erupt in flames.
You regenerate a lot of health from kills.
Your melee attacks may debilitate your foes.
Your hexes are more powerful.
You are surrounded by an aura of silence.
You have sharp toenails.
Armour fits poorly on your strangely shaped body.
Your system is resistant to poisons. (rPois)
You are robust. (+10% HP)
You occasionally lose the ability to read scrolls when taking damage.


Message History

You kill the sun demon!
Vehumet accepts your kill.
You feel your power returning.
You regain access to your magic.
The sun demon hits you but does no damage. x3
The balrug gestures at you.
The bolt of fire hits the sun demon.
The sun demon completely resists.
The bolt of fire hits you! You resist.
You shoot a bolt. The bolt misses the sun demon.
The bolt barely misses the balrug.
You block the sun demon's attack. x2
The sun demon barely misses you.
You shoot a bolt. The bolt closely misses the balrug.
The balrug hits you with a +0 demon whip of draining!!
You are engulfed in flames.
You resist.
You feel threatened and lose the ability to read scrolls!
You block the sun demon's attack. x2
The balrug hits you with a +0 demon whip of draining.
You are engulfed in flames!
You resist. The sun demon barely misses you.
You shoot a bolt. The bolt closely misses the balrug.
The sun demon hits you but does no damage.
The balrug gestures at you.
The fireball explodes!
The fireball engulfs you. You resist.
The fireball engulfs the balrug.
The balrug completely resists.
The fireball engulfs the sun demon.
The sun demon completely resists.
The fireball engulfs the sun demon.
The sun demon completely resists.
You block the sun demon's attack. x2
You shoot a bolt. The bolt hits the balrug!!
The balrug is severely wounded.
The balrug gestures at you.
The fireball explodes!
The fireball engulfs you! You resist.
The fireball engulfs the balrug.
The balrug completely resists.
The fireball engulfs the sun demon.
The sun demon completely resists.
The fireball engulfs the sun demon.
The sun demon completely resists.
The sun demon hits you.
You are engulfed in flames.
You resist. You block the sun demon's attack. x2
The balrug gestures at you. Something smites you!
Casting: Iskenderun's Mystic Blast (safe; 0% risk of failure)
Confirm with . or Enter, or press ? or * to list all spells.
You don't have enough magic to cast this spell.
Unknown command.
Casting: Iskenderun's Mystic Blast (safe; 0% risk of failure)
Confirm with . or Enter, or press ? or * to list all spells.
You erupt in a blast of force!
The mystic blast hits the balrug.
The balrug is severely wounded.
The balrug is knocked back by the mystic blast.
The mystic blast hits the sun demon!!
The sun demon is heavily wounded.
The sun demon is knocked back by the mystic blast.
The mystic blast hits the sun demon!
The sun demon is severely wounded.
The sun demon is knocked back by the mystic blast.
The sun demon slams into the wall of the weird stuff which makes up Pandemonium!
The sun demon is almost dead.
You lose access to your magic!
Your magic seems less tainted.
Fire: a) +9 hand cannon (flame)
Press: ? - help, Q - select action, (/) - cycle Shift-Dir - straight line, f/p - balrug
Aim: a balrug, wielding a +0 demon whip of draining (severely wounded, 74% to hit)
You shoot a bolt. The bolt hits the balrug!
The balrug is severely wounded.
The balrug gestures at you. Something smites you!
Fire: a) +9 hand cannon (flame)
Press: ? - help, Q - select action, (/) - cycle Shift-Dir - straight line, f/p - balrug
Aim: a balrug, wielding a +0 demon whip of draining (magical condensation, silenced, severely wounded, unaffected by silence, 74% to hit)
You shoot a bolt. The bolt closely misses the balrug.
The sun demon hits you.
You are engulfed in flames.
You resist. The balrug gestures at you. Something smites you!
You block the sun demon's attack.
Fire: a) +9 hand cannon (flame)
Press: ? - help, Q - select action, (/) - cycle Shift-Dir - straight line, f/p - balrug
Aim: a balrug, wielding a +0 demon whip of draining (silenced, severely wounded, unaffected by silence, 74% to hit)
You shoot a bolt. The bolt hits the balrug.
The balrug is almost dead.
You regain access to your magic.
You block the balrug's attack. You block the sun demon's attack.
The sun demon hits you but does no damage.
The balrug gestures at you. The pyre arrow hits you.
You are covered in intense liquid fire!
The sun demon closely misses you. You block the sun demon's attack.
Fire: a) +9 hand cannon (flame)
Press: ? - help, Q - select action, (/) - cycle Shift-Dir - straight line, f/p - balrug
Aim: a balrug, wielding a +0 demon whip of draining (silenced, almost dead, unaffected by silence, 74% to hit)
You shoot a bolt. The bolt barely misses the balrug.
The liquid fire burns you! The balrug gestures at you.
The bolt of fire hits you! You resist. You block the sun demon's attack.
The sun demon hits you.
You are engulfed in flames.
You resist. The balrug gestures at you. Something smites you!
The sun demon hits you but does no damage.
Unknown command.
You feel much better. The liquid fire burns you!
The sun demon hits you but does no damage.
The balrug hits you with a +0 demon whip of draining.
You are engulfed in flames!
You resist.
You die...

.. #...........# .....
#...........# .....
#...........#
.....####...........#
........)........v.#
..##
.................v.# .
....
##.......)3.†....#....
.....
#..23######....).....
..... #..3@#
#))........ ......
#..°.# #........##
......######....#
#...3....#
................#
#........#
................##
#.....3..#
##....^..........#
######...#
#...............# ....
#...............#
#...............#


You could see a balrug (unsilenced) and 2 sun demons.

Vanquished Creatures
  the Royal Jelly (Slime:5)
  Gloorx Vloq (Pan)
  Ignacio (Pan)
  3 dread liches
  Frederick (Vaults:4)
  8 orbs of fire
  Tiamat (Zot:3)
  2 ancient liches (Zot:5)
  Mara (Vaults:4)
  Sojobo (Depths:2)
  Boris (thrice) (Vaults:2 Crypt:3 Depths:3)
  2 pandemonium lords (Pan)
  5 Killer Klowns
  The ghost of AutarchDCSS the Warrior, an adept OnBr of Gozag (Vaults:3)
  Vv (Depths:4)
  Saint Roka (Vaults:2)
  Vashnia (Snake:2)
  3 caustic shrikes
  2 curse toes
  9 golden dragons
  Norris (Elf:1)
  The ghost of Jetyrhek the Devastator, a veteran GrEE of Lugonu (Crypt:2)
  Jory (Crypt:2)
  2 profane servitors (Crypt:3)
  Nikola (Shoals:4)
  4 bone dragons
  4 electric golems
  2 doom hounds (Zot:1)
  The ghost of Sirjeffry24 the Wrestler, an adept DrSh of Wu Jian (Vaults:1)
  A shard shrike zombie (Crypt:3)
  A hellephant (Pan)
  16 tentacled monstrosities
  Jorgrun (Snake:1)
  A moon troll (WizLab)
  8 liches
  25 Orb Guardians (Zot:5)
  Grunn (Zot:1)
  3 deep elf blademasters
  4 titans
  14 acid blobs
  2 deep elf master archers (Elf:3)
  7 quicksilver dragons
  2 death cobs
  3 sphinxes
  26 Executioners
  Polyphemus (Shoals:2)
  5 ancient champions
  18 shadow dragons
  26 tentacled starspawn
  16 storm dragons
  6 tengu reavers
  Donald (Snake:1)
  2 revenants
  The ghost of Wano the Transmogrifier, an adept DrSh of Wu Jian (Shoals:1)
  Aizul (Snake:1)
  4 draconian knights
  7 nagarajas (Snake:4)
  9 azure jellies
  6 fire giants
  5 draconian shifters
  5 draconian monks
  5 frost giants
  9 rockslimes
  3 demonspawn warmongers (Pan)
  5 balrugs
  7 deep elf sorcerers
  2 imperial myrmidons (Desolation)
  A juggernaut zombie (Crypt:3)
  3 ghost moths
  An emperor scorpion (D:15)
  3 draconian scorchers
  3 deep elf elementalists (Elf:3)
  18 vault wardens
  6 spectral caustic shrikes
  An iron dragon (Vaults:5)
  Louise (Snake:3)
  2 orc warlords
  2 angels (Zot:4)
  5 curse skulls
  A draconian annihilator (Zot:5)
  5 caustic shrike skeletons (Pan)
  2 draconian stormcallers
  6 cacodemons
  A demonspawn blood saint (Pan)
  16 reapers
  9 ghouls
  14 ironbound preservers
  3 vampire knights
  A caustic shrike zombie (Crypt:3)
  11 stone giants
  18 very ugly things
  8 formless jellyfish
  10 quicksilver oozes
  6 juggernaut skeletons (Pan)
  12 deep elf death magi
  5 deep elf annihilators
  7 deep elf demonologists
  5 ironbound thunderhulks
  3 demonspawn black suns (Pan)
  7 black draconians
  2 halazid warlocks (Desolation)
  9 green draconians
  7 yellow draconians
  16 white draconians
  8 war gargoyles
  3 lorocyprocas (Pan)
  A minotaur (Gauntlet)
  10 spark wasps
  8 red draconians
  20 dire elephants
  4 purple draconians
  Azrael (Orc:2)
  5 fire dragons
  6 blizzard demons
  10 ettins
  3 crystal guardians
  12 eidola
  2 spectral krakens (Shoals:4)
  5 green deaths
  A mummy priest (Crypt:3)
  A merfolk javelineer (Shoals:4)
  11 jiangshi
  10 deep elf high priests
  A quicksilver dragon zombie (Crypt:3)
  5 ragged hierophants (Desolation)
  5 rakshasas
  7 merfolk impalers
  The ghost of dialectric the Spear-Bearer, a journeyman MiFi (D:11)
  Fannar (Lair:2)
  2 spectral spriggans (Crypt:2)
  3 entropy weavers
  10 great orbs of eyes
  2 spriggan zombies (Crypt:3)
  A salamander tyrant (Snake:4)
  15 yaktaur captains
  10 ice dragons
  A caustic shrike simulacrum (Abyss:2)
  31 vault guards
  3 servants of whispers (Desolation)
  4 merfolk avatars
  A catoblepas (Shoals:2)
  5 spriggan air magi
  Erolcha (D:13)
  11 ironbound frosthearts
  4 boulder beetles
  2 ghost crabs (Shoals:4)
  2 ogre magi
  9 hydras
  9 anacondas
  8 peacekeepers (Desolation)
  2 hell beasts
  4 merfolk aquamancers (Shoals:4)
  An alligator snapping turtle (Shoals:2)
  9 centaur warriors
  5 satyrs
  30 dancing weapons
  12 death yaks
  A spectral stone giant (Crypt:2)
  11 two-headed ogres
  2 demonic crawlers (Pan)
  4 death knights
  15 naga warriors
  17 tengu warriors
  5 vampire magi
  7 deep troll shamans
  8 hell hogs
  5 occultists
  30 soul eaters
  4 thrashing horrors
  2 deep troll earth magi (Depths:2)
  16 naga sharpshooters
  11 sun demons
  A titan zombie (Crypt:3)
  19 deep elf knights
  13 spriggan berserkers
  7 shock serpents
  3 orc high priests
  4 hell knights
  11 wretched stars
  Sonja (Orc:2)
  5 salamander mystics
  2 shadow wraiths
  5 skysharks
  A fire crab (Gauntlet)
  3 hellephant skeletons (Pan)
  An orange crystal statue (WizLab)
  15 iron trolls
  2 spatial maelstroms
  A titan skeleton (Crypt:2)
  The ghost of DoNotCum the Toxicologist, a novice DECj of Vehumet (D:10)
  32 skeletal warriors
  6 sixfirhies
  20 glowing orange brains
  15 sea snakes
  30 large abominations
  An iron giant zombie (Abyss:3)
  7 lindwurms
  5 naga ritualists
  3 arcanists
  7 mana vipers
  8 flayed ghosts
  2 bog bodies (Crypt:2)
  A sun moth (Pan)
  2 quicksilver dragon simulacra (Depths:3)
  37 deep trolls
  15 orc knights
  11 deep elf archers
  5 necromancers
  2 shadow demons
  An obsidian statue (Zot:5)
  Pikel (D:9)
  2 swamp dragons (Lair:4)
  A fenstrider witch simulacrum (Crypt:2)
  A spriggan simulacrum (Crypt:2)
  A lindwurm (shapeshifter) (Vaults:5)
  40 deep elf pyromancers
  29 deep elf zephyrmancers
  A shadow dragon skeleton (Crypt:1)
  9 harpies
  20 ironbound convokers
  56 starcursed masses
  A wolf spider (Crypt:3)
  8 orc sorcerers
  27 phantasmal warriors
  28 ugly things
  5 oklob plants
  2 shining eyes (shapeshifter) (Vaults:5)
  A cyclops (shapeshifter) (Vaults:5)
  27 fauns
  15 salamanders
  17 elephants
  4 worldbinders (Abyss:3)
  11 manticores
  4 shining eyes
  Maurice (D:7)
  A dire elephant zombie (Crypt:3)
  3 toenail golems (D:10)
  5 water nymphs
  2 cyclopes
  3 meliai (D:13)
  16 naga magi
  5 centaur zombies
  24 moths of wrath
  15 vault sentinels
  2 molten gargoyles (Desolation)
  9 eyes of devastation
  13 guardian serpents
  20 smoke demons
  36 black mambas
  8 merfolk sirens
  An apocalypse crab (Abyss:2)
  2 ice statues
  A kobold blastminer (Orc:2)
  9 cane toads
  A spectral sea snake (Shoals:4)
  A shock serpent skeleton (Crypt:1)
  A torpor snail (Lair:5)
  4 orange demons
  2 cane toads (shapeshifter)
  Maggie (D:9)
  A gargoyle (D:9)
  An unseen horror (Abyss:2)
  Jeremiah (D:6)
  2 efreet
  3 kobold demonologists
  17 freezing wraiths
  A centaur skeleton (Crypt:2)
  19 yaktaurs
  17 hellions
  23 komodo dragons
  An orc skeleton (Crypt:2)
  An iron troll zombie (Crypt:1)
  2 tormentors (Abyss:2)
  6 rime drakes
  3 ice devils
  3 tengu conjurers
  4 harpy zombies
  8 ancient zymes
  A spectral demonspawn (Crypt:2)
  31 merfolk
  3 red devils
  17 polar bears
  A yaktaur skeleton (Vaults:4)
  4 spectral nagas (Crypt:2)
  2 hydra zombies (Crypt:2)
  6 hellwings (Pan)
  A death drake skeleton (Crypt:2)
  16 raiju
  6 trolls
  22 blink frogs
  A wolf spider simulacrum (D:14)
  4 wind drakes
  Grinder (D:5)
  9 snapping turtles
  Prince Ribbit (D:6)
  A guardian serpent zombie (Crypt:2)
  6 glass eyes
  10 hornets
  52 saltlings (Desolation)
  An ettin zombie (Crypt:3)
  9 dream sheep
  2 harpy skeletons
  An ice dragon zombie (Crypt:2)
  A culicivora zombie (Crypt:1)
  A guardian serpent skeleton (Crypt:1)
  3 jumping spiders (Crypt:3)
  A spectral manticore (Shoals:4)
  72 slime creatures
  A culicivora (shapeshifter) (Vaults:5)
  8 water elementals
  18 spriggans
  4 air elementals
  60 yaks
  2 vampires
  A dire elephant simulacrum (Crypt:2)
  6 basilisks
  A black mamba skeleton (Abyss:2)
  7 wyverns
  4 wraiths
  3 fire elementals
  6 golden eyes (Slime:5)
  16 neqoxecs
  8 fire bats
  A yak (shapeshifter) (D:13)
  7 ynoxinuls
  8 wargs
  A redback (shapeshifter) (Vaults:5)
  5 redbacks (Crypt:3)
  A steam dragon (Lair:4)
  10 vampire mosquitoes
  4 chaos spawn
  2 spatial vortices (Abyss:3)
  11 small abominations
  A harpy simulacrum (Crypt:2)
  37 nagas
  15 water moccasins
  2 naga zombies (Crypt:3)
  A hydra simulacrum (Crypt:2)
  8 hell hounds
  A deep troll skeleton (Crypt:2)
  28 orc warriors
  A lindwurm zombie (Crypt:1)
  2 sky beasts
  4 black bears
  42 wolves
  4 ogres
  A crocodile (shapeshifter) (Abyss:2)
  5 boggarts
  3 ettin simulacra (Depths:3)
  45 laughing skulls
  4 centaurs
  2 snapping turtle skeletons
  2 lemures (D:9)
  3 phantoms
  8 kobold brigands (Abyss:3)
  A lindwurm skeleton (Crypt:2)
  A spectral cyclops (Shoals:4)
  A vine stalker zombie (Crypt:2)
  5 weeping skulls
  An elf zombie (Ossuary)
  3 brain worms
  12 bullfrogs
  6 scorpions
  3 earth elementals
  13 necrophages (Crypt:3)
  2 gnoll sergeants
  A water moccasin zombie (Crypt:2)
  7 wights
  A burial acolyte (Ossuary)
  12 wyvern skeletons (Crypt:3)
  10 killer bees
  3 electric eels
  A howler monkey (D:10)
  4 bombardier beetles
  3 crimson imps
  3 quasits
  4 hounds
  11 orc priests
  A gnoll bouda (D:7)
  4 jellies (Lair:4)
  Crazy Yiuf (D:2)
  An iron imp (Abyss:1)
  21 orc wizards
  2 sleepcaps (D:6)
  12 human skeletons (Vaults:2)
  23 iguanas
  An ogre zombie (Crypt:2)
  A sky beast zombie (Crypt:1)
  An acid dragon zombie (Crypt:2)
  A naga skeleton (Crypt:2)
  9 mummies
  14 gnolls
  11 adders
  A swamp drake zombie (Crypt:2)
  A shadow imp (Abyss:1)
  9 white imps
  4 ufetubi
  2 dart slugs
  A ribbon worm (D:5)
  72 orcs
  8 ball pythons
  9 endoplasms
  5 giant cockroaches
  3 gnoll zombies (Ossuary)
  9 goblins
  6 hobgoblins
  14 kobolds
  6 quokkas
  5 bats
  19 frilled lizards
  A kobold zombie (Crypt:1)
  4 orc zombies (Ossuary)
  5 rats
  A butterfly (Zot:4)
  A lurking horror (Abyss:3)
  35 starspawn tentacles
  A tentacle (Shoals:4)
3078 creatures vanquished.

Vanquished Creatures (others)
  A draconian monk (Zot:2)
  A ghost moth (Zot:1)
  An ironbound preserver (Vaults:1)
  A harpy (Vaults:2)
  2 deep elf pyromancers (Elf:1)
  A moth of wrath (Zot:3)
  A black mamba (Snake:2)
  3 golden eyes (Abyss:3)
  A neqoxec (Pan)
  A cerulean imp (Pan)
  An orc (Orc:2)
  2 frilled lizards (Lair:1)
  15 fire vortices (Pan)
  325 foxfires
  31 fulminant prisms
  2 lurking horrors (Abyss:3)
  32 starspawn tentacles
  16 tentacles (Shoals:4)
437 creatures vanquished.

Grand Total: 3515 creatures vanquished

Notes
Turn   | Place    | Note
-------+----------+-------------------------------------------
     0 | D:1      | browni3141 the Demonspawn Fire Elementalist began the quest
                  | for the Orb.
     0 | D:1      | Reached XP level 1. HP: 13/13 MP: 3/3
   319 | D:1      | Gained mutation: You regenerate a little health from kills.
                  | [demonic ancestry]
   319 | D:1      | Reached XP level 2. HP: 17/19 MP: 1/5
   397 | D:1      | Learned a level 2 spell: Scorch
   532 | D:1      | Reached skill level 1 in Fighting
   887 | D:1      | Reached XP level 3. HP: 26/26 MP: 4/6
   948 | D:1      | Reached skill level 2 in Conjurations
  1250 | D:1      | Learned a level 3 spell: Volatile Blastmotes
  1288 | D:2      | Found a faded altar of an unknown god.
  1481 | D:2      | Reached skill level 1 in Translocations
  1684 | D:2      | Gained mutation: You have sharp fingernails. [demonic
                  | ancestry]
  1684 | D:2      | Reached XP level 4. HP: 25/32 MP: 1/7
  1918 | D:2      | Found a runed translucent door.
  1919 | D:2      | Noticed Crazy Yiuf
  2470 | D:3      | Found a stormy altar of Qazlal.
  3255 | D:3      | Noticed a scorpion
  3363 | D:3      | Reached XP level 5. HP: 37/37 MP: 0/9
  3925 | D:4      | Gained mutation: You have very sharp fingernails. [demonic
                  | ancestry]
  3925 | D:4      | Reached XP level 6. HP: 35/43 MP: 1/10
  4019 | D:4      | Reached skill level 5 in Fire Magic
  4483 | D:4      | Found Tupniytt's General Store.
  4910 | D:5      | Entered Level 5 of the Dungeon
  4956 | D:5      | Reached skill level 1 in Throwing
  5074 | D:5      | Found a sand-covered staircase.
  5088 | Ossuary  | Entered an ossuary
  5119 | Ossuary  | Gained mutation: Your demonic aura sometimes causes spilled
                  | blood to erupt in flames. [demonic ancestry]
  5119 | Ossuary  | Reached XP level 7. HP: 40/48 MP: 0/11
  6008 | D:5      | Noticed Grinder
  6033 | D:5      | Killed Grinder
  6034 | D:5      | Reached XP level 8. HP: 54/54 MP: 1/12
  6171 | D:5      | Reached skill level 3 in Conjurations
  6560 | D:5      | Learned a level 3 spell: Inner Flame
  6567 | D:5      | Reached skill level 1 in Armour
  6567 | D:5      | Reached skill level 1 in Hexes
  7300 | D:5      | Found a blossoming altar of Fedhas.
  7301 | D:5      | Found an ancient bone altar of Kikubaaqudgha.
  7471 | D:6      | Found a staircase to the Ecumenical Temple.
  7483 | Temple   | Entered the Ecumenical Temple
  7501 | Temple   | Became a worshipper of Vehumet
  7840 | D:6      | Gained mutation: You have claws for hands. [demonic
                  | ancestry]
  7840 | D:6      | Reached XP level 9. HP: 65/65 MP: 13/13
  7845 | D:6      | Noticed a troll
  7986 | D:6      | Killed a troll
  8199 | D:6      | Noticed Prince Ribbit
  8202 | D:6      | Killed Prince Ribbit
  8203 | D:6      | Reached skill level 1 in Evocations
  8265 | D:6      | Noticed Jeremiah
  8278 | D:6      | Killed Jeremiah
  8578 | D:6      | Reached skill level 1 in Unarmed Combat
  8578 | D:6      | Reached skill level 5 in Evocations
  8871 | D:7      | Identified the +0 leather armour "Etzy" {Fly rPois rC-
                  | Int+3}
  8963 | D:7      | Found a broken altar of Ashenzari.
  9052 | D:7      | Reached skill level 1 in Ranged Weapons
  9174 | D:7      | Noticed Maurice
  9179 | D:7      | Killed Maurice
  9180 | D:7      | Reached XP level 10. HP: 71/71 MP: 10/14
  9222 | D:7      | Reached * piety under Vehumet
  9222 | D:7      | Offered knowledge of Sting by Vehumet.
 10029 | D:8      | Reached skill level 5 in Spellcasting
 10220 | D:8      | Identified the +0 sling "Giant's Undoing" {antimagic, Str+2
                  | Int+3}
 10276 | D:8      | Learned a level 4 spell: Flame Wave
 10520 | D:8      | Found a staircase to the Lair.
 10703 | D:8      | Reached ** piety under Vehumet
 10703 | D:8      | Offered knowledge of Momentum Strike by Vehumet.
 11101 | D:8      | Found a staircase to the Lair.
 11462 | D:9      | Found a bloodstained altar of Trog.
 11474 | D:9      | Found an ornate altar of the Wu Jian Council.
 11484 | D:9      | Found a basalt altar of Yredelemnul.
 11572 | D:9      | Noticed Maggie
 11579 | D:9      | Killed Maggie
 11785 | D:9      | Found a shadowy altar of Dithmenos.
 11810 | D:9      | Noticed Pikel
 11821 | D:9      | Killed Pikel
 12006 | D:9      | Reached skill level 10 in Fire Magic
 12020 | D:9      | Reached skill level 4 in Conjurations
 12020 | D:9      | Reached XP level 11. HP: 68/77 MP: 20/20
 12297 | D:9      | Noticed a two-headed ogre
 12309 | D:9      | Killed a two-headed ogre
 12310 | D:9      | Reached skill level 5 in Conjurations
 12555 | Lair:1   | Entered Level 1 of the Lair of Beasts
 12615 | Lair:1   | Reached skill level 6 in Conjurations
 12743 | Lair:1   | Learned a level 4 spell: Iskenderun's Mystic Blast
 12930 | Lair:1   | Offered knowledge of Searing Ray by Vehumet.
 13150 | Lair:1   | Reached skill level 7 in Conjurations
 13161 | Lair:1   | Reached *** piety under Vehumet
 13498 | Lair:1   | Reached skill level 5 in Ranged Weapons
 13546 | Lair:1   | Reached skill level 8 in Conjurations
 13617 | Lair:1   | Offered knowledge of Ignite Poison by Vehumet.
 13940 | Lair:1   | Noticed a seven-headed hydra
 13961 | Lair:1   | Killed a seven-headed hydra
 14345 | Lair:2   | Noticed a seven-headed hydra
 14347 | Lair:2   | Noticed Fannar
 14350 | Lair:2   | Gained mutation: You are partially covered in thin metallic
                  | scales. (AC +2) [demonic ancestry]
 14350 | Lair:2   | Reached XP level 12. HP: 83/83 MP: 9/22
 14365 | Lair:1   | Killed a seven-headed hydra
 14469 | Lair:2   | Reached **** piety under Vehumet
 14470 | Lair:2   | Killed Fannar
 14582 | Lair:2   | Offered knowledge of Olgreb's Toxic Radiance by Vehumet.
 14759 | Lair:2   | Found a frozen archway.
 14768 | IceCv    | Entered an ice cave
 14867 | IceCv    | Noticed a death yak
 14875 | IceCv    | Noticed a death yak
 14878 | IceCv    | Noticed a death yak
 14896 | IceCv    | Killed a death yak
 14897 | IceCv    | Killed a death yak
 14904 | IceCv    | Killed a death yak
 14905 | IceCv    | Reached skill level 10 in Spellcasting
 15586 | IceCv    | Reached skill level 5 in Armour
 15586 | IceCv    | Reached skill level 5 in Dodging
 15597 | IceCv    | Reached XP level 13. HP: 21/90 MP: 23/27
 15921 | IceCv    | Learned a level 4 spell: Fulminant Prism
 16243 | IceCv    | Reached skill level 5 in Fighting
 16685 | IceCv    | Reached ***** piety under Vehumet
 18225 | Lair:3   | Offered knowledge of Sticky Flame by Vehumet.
 18231 | Lair:3   | Learned a level 4 spell: Sticky Flame
 18450 | Lair:3   | Found a dark tunnel.
 18526 | Volcano  | Entered a volcano
 19329 | Lair:3   | Found a staircase to the Snake Pit.
 19558 | Lair:3   | Found a staircase to the Shoals.
 20577 | Lair:4   | Identified the +7 arbalest of the Wizarding Priest {heavy,
                  | rElec rN+ MP+9}
 20842 | Lair:4   | Found a staircase to the Slime Pits.
 20844 | Lair:4   | Found a viscous altar of Jiyva.
 20868 | Lair:4   | Found a transporter.
 21157 | Lair:4   | Reached XP level 14. HP: 29/101 MP: 28/28
 21349 | Lair:4   | Found a transporter.
 21612 | Lair:5   | Entered Level 5 of the Lair of Beasts
 21698 | Lair:5   | Offered knowledge of Eringya's Noxious Bog by Vehumet.
 21722 | Lair:5   | Paralysed by a hornet for 1 turns
 22231 | Lair:5   | Offered knowledge of Yara's Violent Unravelling by Vehumet.
 22238 | Lair:5   | Learned a level 5 spell: Yara's Violent Unravelling
 23493 | D:10     | Entered Level 10 of the Dungeon
 23599 | D:10     | Found a sacrificial altar of Ru.
 23691 | D:10     | Found a transporter.
 23832 | D:10     | Found a one-way gate to the infinite horrors of the Abyss.
 23832 | D:10     | Noticed DoNotCum's ghost (novice DECj)
 24078 | D:10     | Found a transporter.
 24295 | D:10     | Reached skill level 10 in Dodging
 24297 | D:10     | Reached skill level 10 in Armour
 24312 | D:10     | Found Nahoy's Antique Weapon Shop.
 24954 | D:11     | Found a shimmering altar of Xom.
 25021 | D:11     | Found a runed translucent door.
 25023 | D:11     | Noticed dialectric's ghost (journeyman MiFi)
 25100 | D:12     | Found a flickering gateway to a bazaar.
 25123 | Bazaar   | Entered a bazaar
 25123 | Bazaar   | Found Bebem's Jewellery Emporium.
 25138 | Bazaar   | Found Imawn's Jewellery Shoppe.
 25145 | Bazaar   | Found Egeky's Distillery.
 25175 | Bazaar   | Found Syonust's Magic Scroll Shoppe.
 25204 | Bazaar   | Bought the ring "Alief" {^Drain AC+4 Int+6} for 550 gold
                  | pieces
 25204 | Bazaar   | Bought the ring "Hoajol" {Fire *Corrode rPois Int+4 Dex+3}
                  | for 498 gold pieces
 25240 | Bazaar   | Bought a scroll of identify for 24 gold pieces
 25240 | Bazaar   | Identified a scroll of acquirement
 25289 | Bazaar   | Bought a potion of heal wounds for 70 gold pieces
 25317 | Bazaar   | Bought a scroll of enchant armour for 90 gold pieces
 25317 | Bazaar   | Bought a scroll of teleportation for 36 gold pieces
 25317 | Bazaar   | Bought a scroll of teleportation for 36 gold pieces
 25345 | Bazaar   | Bought a potion of haste for 140 gold pieces
 25345 | Bazaar   | Bought a potion of cancellation for 112 gold pieces
 25345 | Bazaar   | Acquired a +5 hand cannon of electrocution
 26088 | D:12     | Gained mutation: You are mostly covered in thin metallic
                  | scales. (AC +3) [demonic ancestry]
 26088 | D:12     | Reached XP level 15. HP: 107/112 MP: 30/30
 26089 | D:12     | Reached skill level 1 in Shields
 26573 | D:12     | Found a staircase to the Orcish Mines.
 26746 | D:13     | Noticed Erolcha
 26766 | D:13     | Killed Erolcha
 26940 | D:13     | Found a gate to the Vaults.
 27061 | D:13     | Found a gate leading to a gauntlet.
 27070 | Gauntlet | Entered a Gauntlet
 27070 | Gauntlet | Found a transporter.
 27080 | Gauntlet | Found a transporter.
 27094 | Gauntlet | Found a transporter.
 27108 | Gauntlet | Found a transporter.
 27113 | Gauntlet | Found a runed translucent door.
 27120 | Gauntlet | Found a transporter.
 27131 | Gauntlet | Found a transporter.
 27142 | Gauntlet | Found a transporter.
 27154 | Gauntlet | Found a transporter.
 27155 | Gauntlet | Found a transporter.
 27156 | Gauntlet | Found a transporter.
 27172 | Gauntlet | Found a transporter.
 27174 | Gauntlet | Found a transporter.
 27185 | Gauntlet | Found a transporter.
 27194 | Gauntlet | Found a transporter.
 27304 | Gauntlet | Identified the ring "Tauckit" {^Contam rElec rPois rF+
                  | Str+3}
 27327 | Gauntlet | Identified the +0 helmet "Buhatsuv" {Dex+3}
 27767 | Gauntlet | Got Amno's Monograph on the Ouroboros and Dislocation
 27902 | D:13     | Found a hide-covered altar of Uskayaw.
 28287 | D:13     | Learned a level 4 spell: Dimensional Bullseye
 29186 | D:14     | Reached skill level 5 in Shields
 29729 | D:15     | Entered Level 15 of the Dungeon
 30128 | D:15     | Identified the +10 dagger of Wealth {venom, rElec rF+ rC+
                  | Dex-4}
 30310 | D:15     | Noticed an emperor scorpion
 30341 | D:15     | Killed an emperor scorpion
 30342 | D:15     | Reached skill level 5 in Hexes
 30516 | D:15     | Offered knowledge of Bombard by Vehumet.
 30517 | D:15     | Reached skill level 5 in Translocations
 30643 | D:15     | Reached skill level 10 in Ranged Weapons
 30751 | D:15     | Found a staircase to the Depths.
 31335 | D:15     | Learned a level 5 spell: Irradiate
 31515 | Orc:1    | Entered Level 1 of the Orcish Mines
 31749 | Orc:2    | Entered Level 2 of the Orcish Mines
 31749 | Orc:2    | Found Wynom's Weapon Shoppe.
 31813 | Orc:2    | Found Cyaniqom's Gadget Gallery.
 31885 | Orc:2    | Reached ****** piety under Vehumet
 31890 | Orc:2    | Offered knowledge of Starburst by Vehumet.
 32025 | Orc:2    | Gained mutation: Your demonic aura often causes spilled
                  | blood to erupt in flames. [demonic ancestry]
 32025 | Orc:2    | Reached XP level 16. HP: 74/118 MP: 28/31
 32157 | Orc:2    | Found a staircase to the Elven Halls.
 32195 | Orc:2    | Noticed Sonja
 32202 | Orc:2    | Killed Sonja
 32223 | Orc:2    | Learned a level 6 spell: Starburst
 32320 | Orc:2    | Noticed Azrael
 32333 | Orc:2    | Killed Azrael
 32474 | Orc:2    | Found Cudial's General Store.
 32518 | Orc:2    | Found Rugoik's Magic Scroll Boutique.
 32535 | Orc:2    | Found Binlal's Magic Scroll Shop.
 32892 | Orc:1    | You fall into a shaft and drop 1 floor!
 33045 | Orc:2    | Bought a scroll of enchant weapon for 97 gold pieces
 33045 | Orc:2    | Bought a scroll of enchant armour for 97 gold pieces
 33061 | Orc:2    | Bought a scroll of enchant weapon for 112 gold pieces
 33089 | Orc:2    | Bought a wand of digging (4) for 285 gold pieces
 33089 | Orc:2    | Bought a condenser vane for 680 gold pieces
 33148 | Orc:2    | Bought a wand of light (2) for 117 gold pieces
 33406 | Snake:1  | Entered Level 1 of the Snake Pit
 33426 | Snake:1  | Noticed Donald
 33437 | Snake:1  | Killed Donald
 33617 | Snake:1  | Offered knowledge of Conjure Ball Lightning by Vehumet.
 33685 | Snake:1  | Noticed Jorgrun
 34845 | Snake:2  | Noticed Vashnia
 34858 | Snake:2  | Killed Vashnia
 36181 | Snake:3  | Noticed Louise
 36191 | Snake:3  | Killed Louise
 36903 | Snake:4  | Entered Level 4 of the Snake Pit
 37063 | Snake:4  | Offered knowledge of Plasma Beam by Vehumet.
 37414 | Snake:4  | Gained mutation: Your demonic aura causes all spilled blood
                  | to erupt in flames. [demonic ancestry]
 37414 | Snake:4  | Reached XP level 17. HP: 88/124 MP: 33/33
 37954 | Snake:4  | Learned a level 6 spell: Plasma Beam
 38049 | Snake:4  | Reached skill level 1 in Air Magic
 38060 | Snake:4  | Reached skill level 10 in Shields
 39656 | Snake:4  | Reached skill level 5 in Air Magic
 39670 | Snake:4  | Offered knowledge of Lehudib's Crystal Spear by Vehumet.
 39670 | Snake:4  | Offered knowledge of Fire Storm by Vehumet.
 39670 | Snake:4  | Offered knowledge of Ignition by Vehumet.
 40118 | Snake:4  | Got a serpentine rune of Zot
 40316 | Snake:4  | Acquired an amulet of regeneration
 40394 | Snake:1  | Killed Jorgrun
 40474 | Snake:1  | Found Pucwoef's Distillery.
 40476 | Snake:1  | Found Ugobb's Armour Boutique.
 40476 | Snake:1  | Found Jiurallala's Armour Shop.
 40486 | Snake:1  | Found Letheur's Antique Weapon Shop.
 40526 | Snake:1  | Bought a +2 pair of boots for 231 gold pieces
 40616 | Snake:1  | Identified the serpent talisman "Tasuw" {rC++ MP-9 Dex+6}
 40616 | Snake:1  | Noticed Aizul
 40624 | Snake:1  | Killed Aizul
 40976 | Shoals:1 | Entered Level 1 of the Shoals
 40980 | Shoals:1 | Noticed Wano's ghost (adept DrSh)
 41004 | Shoals:1 | Reached skill level 15 in Ranged Weapons
 41049 | Shoals:1 | Found a runed translucent door.
 41338 | Shoals:1 | Gained mutation: You are completely covered in thin
                  | metallic scales. (AC +4, rElec) [demonic ancestry]
 41338 | Shoals:1 | Reached XP level 18. HP: 131/131 MP: 34/34
 41592 | Shoals:1 | Killed Wano's ghost
 41656 | Shoals:2 | Noticed Polyphemus
 41674 | Shoals:2 | Killed Polyphemus
 42350 | Shoals:3 | Found Beuce's Assorted Antiques.
 42389 | Shoals:3 | Identified the +2 great sword of the Solstice {drain,
                  | ^Fragile rC+ Str+4 Int+3 Dex-4}
 42407 | Shoals:3 | Identified the +2 scale mail "Cehui" {rElec rF+}
 42669 | Shoals:3 | Identified the +0 pair of boots "Souhated" {Rampage Regen+
                  | Int+3}
 42852 | Shoals:4 | Entered Level 4 of the Shoals
 43284 | Shoals:4 | Noticed Nikola
 43291 | Shoals:4 | Killed Nikola
 43516 | Shoals:4 | Found the +2 hat of the Bear Spirit {Spirit, Bear, *Rage
                  | Will++}
 43561 | Shoals:4 | Got a barnacled rune of Zot
 44486 | D:2      | Killed Crazy Yiuf
 44681 | D:10     | Killed DoNotCum's ghost
 44789 | D:11     | Killed dialectric's ghost
 45229 | Lair:4   | Identified the -1 cloak of Compression {Int+3}
 45515 | Elf:1    | Entered Level 1 of the Elven Halls
 45517 | Elf:1    | Noticed Norris
 45528 | Elf:1    | Killed Norris
 45706 | Elf:1    | Gained mutation: Your hexes are more powerful. [demonic
                  | ancestry]
 45706 | Elf:1    | Reached XP level 19. HP: 134/139 MP: 18/35
 45910 | Elf:1    | Found Joamew's Distillery.
 45918 | Elf:1    | Bought a potion of heal wounds for 70 gold pieces
 45989 | Elf:1    | Identified the +2 hand axe of Due Proportion {drain, rF+}
 46040 | Elf:1    | Reached skill level 10 in Fighting
 46047 | Elf:1    | Identified the +2 arbalest of Duty {heavy, rN+ MP+9 Str+3
                  | SInv}
 46373 | Elf:2    | Identified the +3 leather armour "Pampen" {Slay+5}
 46450 | Elf:2    | Found Iredd's Magic Scroll Boutique.
 46516 | Elf:2    | Found a runed translucent gate.
 46516 | Elf:2    | Found a runed translucent gate.
 46516 | Elf:2    | Found a runed translucent gate.
 46937 | Elf:3    | Entered Level 3 of the Elven Halls
 46949 | Elf:3    | Found Voklidd's Jewellery Shoppe.
 46959 | Elf:3    | Found Bagroi's Distillery.
 46974 | Elf:3    | Reached skill level 10 in Translocations
 46997 | Elf:3    | Found a transporter.
 46998 | Elf:3    | Found Rav Zon's Assorted Antiques.
 47214 | Elf:3    | Paralysed by an air elemental for 1 turns
 47744 | Elf:3    | Identified the +7 spear "Killer Klown's Curse" {chaos,
                  | rElec rPois Str-4 Int+2}
 48224 | Elf:3    | Found a transporter.
 48269 | Elf:3    | Identified the +4 rapier of Disarray {venom, rF- Will+++
                  | Str-5 Stlth+}
 48410 | Elf:3    | Identified the +7 rapier of the Chickpea {heavy, rCorr
                  | Dex+3}
 48414 | Elf:3    | Identified the +7 dagger "Pairexij" {antimagic, rF- rC-
                  | Int+3 Dex+4}
 48560 | Elf:3    | Got the Compendium of Scintillating Superposition
 48596 | Elf:3    | Identified the +0 helmet of Heicynlute {rC- rN++ Will+
                  | Int+3}
 48602 | Elf:3    | Identified the staff "Ypeto" {rPois rN+ Int+2 Stlth+
                  | Alchemy}
 49554 | Vaults:1 | Entered Level 1 of the Vaults
 49645 | Vaults:1 | Identified the staff "Acarinebane" {rN++ Str+2 Conj Air}
 49649 | Vaults:1 | Found a runed translucent door.
 49649 | Vaults:1 | Found a shimmering altar of Xom.
 49649 | Vaults:1 | Noticed Sirjeffry24's ghost (adept DrSh)
 49680 | Vaults:1 | Gained mutation: You regenerate health from kills. [demonic
                  | ancestry]
 49680 | Vaults:1 | Reached XP level 20. HP: 117/147 MP: 36/36
 49753 | Vaults:1 | Paralysed by a formless jellyfish for 1 turns
 49757 | Vaults:1 | Paralysed by a formless jellyfish for 1 turns
 50874 | Vaults:1 | Acquired 473 gold pieces
 51104 | Vaults:2 | Noticed Boris
 51116 | Vaults:2 | Killed Boris
 51238 | Vaults:2 | You fall into a shaft and drop 1 floor!
 51249 | Vaults:3 | Paralysed by a formless jellyfish for 1 turns
 51305 | Vaults:3 | Found Sizaheech's Antique Weapon Shop.
 51422 | Vaults:3 | Found a transporter.
 51422 | Vaults:3 | Noticed AutarchDCSS's ghost (adept OnBr)
 51470 | Vaults:3 | Found a transporter.
 51772 | Vaults:2 | Noticed Saint Roka
 51783 | Vaults:2 | Killed Saint Roka
 52075 | Vaults:2 | Found Oppusi's Distillery.
 52584 | Vaults:2 | Found a staircase to the Crypt.
 52584 | Vaults:2 | Found an ancient bone altar of Kikubaaqudgha.
 52585 | Vaults:2 | Found a basalt altar of Yredelemnul.
 52856 | Vaults:3 | Gained mutation: Your melee attacks may debilitate your
                  | foes. [demonic ancestry]
 52856 | Vaults:3 | Reached XP level 21. HP: 123/151 MP: 25/39
 52868 | Vaults:3 | Reached skill level 15 in Fire Magic
 53166 | Vaults:3 | Found Gunn's Book Shoppe.
 53236 | Vaults:3 | Found Yzamal's Antique Armour Boutique.
 53258 | Vaults:3 | Bought a faintly glowing hat for 342 gold pieces
 53258 | Vaults:3 | Identified the +0 hat "Cueck" {Dex+2} (You bought it in a
                  | shop on level 3 of the Vaults)
 53291 | Vaults:3 | Identified the staff "Beastslayer" {rC+ Str+3 Stlth+ Conj
                  | Necro Ice}
 53402 | Vaults:4 | Identified the orb "Buesicuo" {*channel, Will- Dex+5
                  | Slay+6}
 53402 | Vaults:4 | Noticed Frederick
 53411 | Vaults:4 | Killed Frederick
 53615 | Vaults:4 | Found Aloec's Distillery.
 53769 | Vaults:4 | Found a crumbling gateway.
 53776 | Desolati | Entered the Desolation of Salt
 54343 | Desolati | Found the amulet of Vitality {RegenMP++ Regen++}
 54485 | Desolati | Got the Discourse on the Elliptic Hornet
 54536 | Desolati | Identified the amulet "Jerphor" {Acrobat Will+}
 54634 | Desolati | Identified the amulet of Departure {RegenMP rPois rCorr
                  | Stlth+}
 54686 | Desolati | Identified the +2 halberd "Siwu" {spect, rCorr Int+5 Dex-5}
 54699 | Desolati | Identified the +6 battleaxe "Quimipro" {venom, Dex+4}
 54706 | Desolati | Got Sif Muna's Annotations on the Stony Sphinx
 54759 | Desolati | Got the Compilation of Degeneration
 54764 | Desolati | Identified the +4 rapier "Rewuluh" {holy, Str+3 Dex+3 SInv}
 54867 | Desolati | Got Vehumet's Cyclopedia of Force
 55416 | Vaults:4 | Noticed Mara
 55427 | Vaults:4 | Noticed browni3141's illusion
 55428 | Vaults:4 | Killed Mara
 55884 | Depths:1 | Entered Level 1 of the Depths
 56055 | Depths:1 | Found an iron altar of Okawaru.
 56298 | Depths:1 | Found Amaxecs's Magic Scroll Shoppe.
 56337 | Depths:1 | Found a gateway to Hell.
 56466 | Depths:1 | Found a one-way gate leading to the halls of Pandemonium.
 56546 | Depths:1 | Found a hazy altar of Hepliaklqana.
 56751 | Depths:2 | Noticed a golden dragon
 56774 | Depths:1 | Killed a golden dragon
 56775 | Depths:1 | Reached XP level 22. HP: 48/159 MP: 7/40
 56836 | Depths:1 | Learned a level 8 spell: Ignition
 57034 | Vaults:5 | Entered Level 5 of the Vaults
 57126 | Crypt:1  | Entered Level 1 of the Crypt
 57497 | Crypt:2  | Noticed Jory
 57511 | Crypt:2  | Killed Jory
 57702 | Crypt:2  | Found a magical portal.
 57705 | WizLab   | Entered Lehudib's Moon Base
 58331 | WizLab   | Found a transporter.
 58460 | WizLab   | HP: 7/159 [crystal guardian/crystal bolt (8)]
 58680 | WizLab   | Found a transporter.
 58935 | WizLab   | Gained mutation: You have hidden genetic potential. [a
                  | cacodemon]
 58937 | WizLab   | Gained mutation: You have large cloven feet. [a cacodemon]
 58938 | WizLab   | Gained mutation: You are clumsy. (Dex -2) [a cacodemon]
 58943 | WizLab   | Gained mutation: You are weak. (Str -2) [a cacodemon]
 59183 | WizLab   | Identified the +0 mace of Greatest Utility {drain, Dex+6}
 59467 | Crypt:2  | Found a runed translucent gate.
 59467 | Crypt:2  | Found a runed translucent gate.
 59467 | Crypt:2  | Found a runed translucent gate.
 59468 | Crypt:2  | Noticed Jetyrhek's ghost (veteran GrEE)
 60247 | Crypt:3  | Entered Level 3 of the Crypt
 60345 | Crypt:3  | Reached XP level 23. HP: 146/147 MP: 26/41
 60461 | Crypt:3  | Noticed Boris
 60475 | Crypt:3  | Killed Boris
 60787 | Crypt:3  | Identified the +1 hand axe "Blob" {distort, Stlth+}
 60892 | Crypt:3  | Found a basalt altar of Yredelemnul.
 60973 | Crypt:3  | Identified the +3 glaive of Instinct {flame, Str+5}
 61072 | Crypt:3  | Identified the +1 ring mail of Oblivion {rElec rCorr Str+6}
 61162 | Crypt:3  | Identified the staff of Laceration {rN+ Dex+5 Necro}
 61165 | Crypt:3  | Got the Directory of the Graveyard and Interference
 61205 | Crypt:3  | Identified the +3 scale mail of the Trombone {Str+2}
 61626 | Crypt:3  | Found a staircase to the Tomb.
 62073 | Crypt:3  | Got Sif Muna's Grimoire of Malisons
 62074 | Crypt:3  | Identified the staff of the Warrior {rF- Dex+7 Earth
                  | Alchemy}
 62800 | Slime:1  | Entered Level 1 of the Pits of Slime
 62809 | Slime:1  | Reached skill level 1 in Alchemy
 62981 | Slime:4  | Reached skill level 15 in Spellcasting
 63085 | Slime:5  | Entered Level 5 of the Pits of Slime
 63136 | Slime:5  | Learned a level 6 spell: Dispersal
 63269 | Slime:5  | Reached skill level 5 in Alchemy
 63565 | Slime:5  | Reached skill level 9 in Conjurations
 63961 | Slime:5  | Noticed the Royal Jelly
 63970 | Slime:5  | Lost mutation: You are clumsy. (Dex -2) [hidden potential]
 64056 | Slime:5  | Found a viscous altar of Jiyva.
 64104 | Slime:5  | Reached skill level 10 in Conjurations
 64164 | Slime:5  | Killed the Royal Jelly
 64201 | Slime:5  | Identified the staff of the Shifting Stork {Dex+2 SInv
                  | Conj}
 64212 | Slime:5  | Identified the ring "Bafu Kawk" {rElec rPois rF++ rC-
                  | rN+++}
 64305 | Slime:5  | Paralysed by a formless jellyfish for 1 turns
 64374 | Slime:5  | Identified the amulet of Charity {^Contam Rampage rPois
                  | Regen+ Int+7}
 64398 | Slime:5  | Got a slimy rune of Zot
 64450 | Slime:5  | Identified the +12 quick blade "Urarey" {venom, SInv}
 64467 | Slime:5  | Identified the +1 robe of Uskayaw's Delight {+Inv rPois
                  | Dex-2 Archmagi}
 64470 | Slime:5  | Identified the ring of the Scavenger {Fire rN+ Int-2
                  | Stlth+}
 64482 | Slime:5  | Identified the +0 pair of boots "Hoetwid" {Will++ rCorr
                  | SInv Stlth-}
 64485 | Slime:5  | Identified the staff of Ilak {rElec rPois rC+ Fire Ice
                  | Earth}
 64486 | Slime:5  | Identified the death talisman of Maucen {rElec Will+ Str-4
                  | Int+4}
 64814 | Slime:3  | Gained mutation: Your spells are a little easier to cast,
                  | but a little less powerful. [a shining eye]
 65689 | Depths:2 | Reached skill level 11 in Conjurations
 65711 | Depths:2 | Gained mutation: You are surrounded by an aura of silence.
                  | [demonic ancestry]
 65711 | Depths:2 | Reached XP level 24. HP: 170/171 MP: 14/42
 66012 | Depths:2 | Found a sparkling altar of Nemelex Xobeh.
 66046 | Depths:2 | Noticed Sojobo
 66049 | Depths:2 | Reached skill level 12 in Conjurations
 66055 | Depths:2 | Killed Sojobo
 66859 | Depths:3 | Reached skill level 13 in Conjurations
 67166 | Depths:3 | Found a shadowy altar of Dithmenos.
 67195 | Depths:3 | Reached skill level 14 in Conjurations
 67195 | Depths:3 | Noticed Boris
 67203 | Depths:3 | Killed Boris
 67395 | Depths:3 | Reached skill level 15 in Conjurations
 67537 | Depths:3 | Reached skill level 16 in Conjurations
 67606 | Depths:3 | Found an opulent altar of Gozag.
 67795 | Depths:3 | Gained mutation: You are strong-willed. (Will+) [hidden
                  | potential]
 67795 | Depths:3 | Lost mutation: You have hidden genetic potential. [hidden
                  | potential expressed]
 67842 | Depths:3 | Found a snail-covered altar of Cheibriados.
 68011 | Depths:3 | Reached skill level 17 in Conjurations
 68012 | Depths:3 | Found a burning altar of Makhleb.
 68270 | Depths:3 | Identified the +9 great sword of Action {speed, Will+
                  | Dex+3}
 68398 | Depths:4 | Entered Level 4 of the Depths
 68563 | Depths:4 | Found a gate to the Realm of Zot.
 68635 | Depths:4 | Reached skill level 18 in Conjurations
 68636 | Depths:4 | Gained mutation: You regenerate a lot of health from kills.
                  | [demonic ancestry]
 68636 | Depths:4 | Reached XP level 25. HP: 122/177 MP: 22/42
 68736 | Depths:4 | Found a portal to a secret trove of treasure.
 68739 | Depths:4 | Noticed Vv
 68907 | Depths:4 | Killed Vv
 69070 | Depths:4 | Found an ancient bone altar of Kikubaaqudgha.
 70025 | Orc:2    | Bought a scroll of enchant armour for 112 gold pieces
 70025 | Orc:2    | Bought 2 scrolls of enchant armour for 225 gold pieces
 71702 | Zot:1    | Entered Level 1 of the Realm of Zot
 71710 | Zot:1    | Noticed Grunn
 71719 | Zot:1    | Killed Grunn
 71721 | Zot:1    | Reached skill level 19 in Conjurations
 72081 | Zot:1    | Noticed an orb of fire
 72089 | Zot:1    | Reached skill level 20 in Conjurations
 72090 | Zot:1    | Gained mutation: You sometimes lose your temper in combat.
                  | [an orb of fire]
 72132 | Zot:1    | Killed an orb of fire
 72274 | Zot:1    | You fall into a shaft and drop 1 floor!
 72326 | Zot:2    | Learned a level 7 spell: Orb of Destruction
 72608 | Zot:2    | Found a transporter.
 72625 | Zot:2    | Found a transporter.
 72995 | Zot:2    | Found a transporter.
 73014 | Zot:2    | Found a transporter.
 73570 | Zot:3    | Found the +4 dragonskin cloak
 73570 | Zot:3    | Noticed Tiamat
 73576 | Zot:3    | Reached skill level 21 in Conjurations
 73631 | Zot:3    | Noticed an orb of fire
 73647 | Zot:2    | Killed an orb of fire
 75289 | Zot:3    | Noticed a Killer Klown
 75300 | Zot:3    | Killed a Killer Klown
 75319 | Zot:3    | Reached skill level 22 in Conjurations
 75827 | Zot:3    | Killed Tiamat
 76007 | Zot:4    | Noticed a Killer Klown
 76023 | Zot:4    | Killed a Killer Klown
 76271 | Zot:4    | Found a burning altar of Makhleb.
 76520 | Zot:4    | Reached XP level 26. HP: 160/184 MP: 13/42
 76722 | Zot:4    | Found a shimmering altar of Xom.
 76724 | Zot:4    | Found a shimmering altar of Xom.
 76724 | Zot:4    | Found a shimmering altar of Xom.
 76836 | Zot:4    | Found a shimmering altar of Xom.
 77048 | Zot:5    | Entered Level 5 of the Realm of Zot
 77067 | Zot:5    | Reached skill level 23 in Conjurations
 77830 | Zot:5    | Noticed an orb of fire
 77840 | Zot:5    | Gained mutation: Your health recovers twice as slowly from
                  | being drained. [an orb of fire]
 77843 | Zot:5    | Killed an orb of fire
 79069 | Zot:5    | Reached skill level 24 in Conjurations
 80021 | Zot:5    | Noticed an orb of fire
 80025 | Zot:5    | Gained mutation: You occasionally lose the ability to drink
                  | potions when taking damage. [an orb of fire]
 80049 | Zot:5    | Gained mutation: Your body sometimes deteriorates upon
                  | taking damage. [an orb of fire]
 80049 | Zot:5    | Killed an orb of fire
 80403 | Zot:5    | Noticed an orb of fire
 80403 | Zot:5    | Noticed an ancient lich
 80500 | Zot:5    | Noticed an ancient lich
 80503 | Zot:5    | Killed an ancient lich
 81034 | Zot:5    | Gained mutation: You are clumsy. (Dex -2) [an orb of fire]
 81036 | Zot:5    | Gained mutation: You are very weak. (Str -4) [an orb of
                  | fire]
 81038 | Zot:5    | Killed an orb of fire
 81268 | Zot:5    | Killed an ancient lich
 81355 | Zot:5    | Noticed an orb of fire
 81360 | Zot:5    | Killed an orb of fire
 81508 | Zot:5    | Noticed an orb of fire
 81513 | Zot:5    | Killed an orb of fire
 81582 | Zot:5    | Noticed a dread lich
 81586 | Zot:5    | Killed a dread lich
 81587 | Zot:5    | Reached skill level 25 in Conjurations
 81977 | Zot:5    | Noticed an orb of fire
 81999 | Zot:5    | Killed an orb of fire
 83564 | Vaults:1 | Killed Sirjeffry24's ghost
 83854 | Vaults:3 | Killed AutarchDCSS's ghost
 83855 | Vaults:3 | Reached XP level 27. HP: 177/190 MP: 14/42
 84173 | Crypt:2  | Killed Jetyrhek's ghost
 84446 | Vaults:4 | Bought a potion of invisibility for 80 gold pieces
 84446 | Vaults:4 | Bought a potion of heal wounds for 50 gold pieces
 84446 | Vaults:4 | Bought 2 potions of resistance for 200 gold pieces
 84446 | Vaults:4 | Bought a potion of heal wounds for 50 gold pieces
 84446 | Vaults:4 | Bought a potion of magic for 80 gold pieces
 84446 | Vaults:4 | Bought a potion of invisibility for 80 gold pieces
 84446 | Vaults:4 | Bought a potion of haste for 100 gold pieces
 84446 | Vaults:4 | Bought a potion of haste for 100 gold pieces
 84446 | Vaults:4 | Bought 2 potions of lignification for 60 gold pieces
 84578 | Vaults:2 | Bought a potion of curing for 33 gold pieces
 84578 | Vaults:2 | Bought a potion of curing for 33 gold pieces
 84578 | Vaults:2 | Bought a potion of lignification for 33 gold pieces
 84578 | Vaults:2 | Bought a potion of enlightenment for 55 gold pieces
 84578 | Vaults:2 | Bought 2 potions of haste for 220 gold pieces
 84578 | Vaults:2 | Bought a potion of brilliance for 44 gold pieces
 84578 | Vaults:2 | Bought a potion of magic for 88 gold pieces
 84837 | Orc:2    | Bought 3 scrolls of fog for 156 gold pieces
 84837 | Orc:2    | Bought a scroll of vulnerability for 52 gold pieces
 84837 | Orc:2    | Bought a scroll of teleportation for 39 gold pieces
 84837 | Orc:2    | Bought a scroll of vulnerability for 52 gold pieces
 84837 | Orc:2    | Bought a scroll of poison for 52 gold pieces
 84865 | Orc:2    | Bought a scroll of teleportation for 42 gold pieces
 85070 | Depths:1 | Bought a scroll of immolation for 44 gold pieces
 85070 | Depths:1 | Bought a scroll of vulnerability for 44 gold pieces
 85070 | Depths:1 | Bought 3 scrolls of revelation for 247 gold pieces
 85070 | Depths:1 | Bought a scroll of vulnerability for 44 gold pieces
 85070 | Depths:1 | Bought a scroll of vulnerability for 44 gold pieces
 85070 | Depths:1 | Bought a scroll of fog for 44 gold pieces
 85373 | Elf:3    | Bought a potion of ambrosia for 120 gold pieces
 85373 | Elf:3    | Bought a potion of cancellation for 120 gold pieces
 85373 | Elf:3    | Bought 2 potions of cancellation for 240 gold pieces
 85373 | Elf:3    | Bought a potion of heal wounds for 75 gold pieces
 85373 | Elf:3    | Bought a potion of mutation for 120 gold pieces
 85373 | Elf:3    | Bought a potion of brilliance for 60 gold pieces
 85373 | Elf:3    | Bought a potion of curing for 45 gold pieces
 86119 | Elf:1    | Bought a potion of haste for 140 gold pieces
 86181 | Elf:3    | Bought a potion of haste for 270 gold pieces
 86181 | Elf:3    | Bought a potion of resistance for 270 gold pieces
 86181 | Elf:3    | Bought a scroll of butterflies for 108 gold pieces
 86593 | Shoals:3 | Bought a scroll of silence for 294 gold pieces
 86593 | Shoals:3 | Bought a potion of haste for 310 gold pieces
 86830 | Temple   | Lost mutation: You are clumsy. (Dex -2) [potion of
                  | mutation]
 86830 | Temple   | Lost mutation: You sometimes lose your temper in combat.
                  | [potion of mutation]
 86830 | Temple   | Lost mutation: You occasionally lose the ability to drink
                  | potions when taking damage. [potion of mutation]
 86830 | Temple   | Lost mutation: You are very weak. (Str -4) [potion of
                  | mutation]
 86830 | Temple   | Gained mutation: Your body often deteriorates upon taking
                  | damage. [potion of mutation]
 86830 | Temple   | Gained mutation: You are agile. (Dex +4, Str/Int -1)
                  | [potion of mutation]
 86831 | Temple   | Lost mutation: You are weak. (Str -2) [potion of mutation]
 86831 | Temple   | Lost mutation: Your spells are a little easier to cast, but
                  | a little less powerful. [potion of mutation]
 86831 | Temple   | Gained mutation: You are frail. (-10% HP) [potion of
                  | mutation]
 86832 | Temple   | Lost mutation: You are agile. (Dex +4, Str/Int -1) [potion
                  | of mutation]
 86832 | Temple   | Lost mutation: Your body often deteriorates upon taking
                  | damage. [potion of mutation]
 86832 | Temple   | Lost mutation: Your health recovers twice as slowly from
                  | being drained. [potion of mutation]
 86832 | Temple   | Gained mutation: Your flesh is cold resistant. (rC+)
                  | [potion of mutation]
 86833 | Temple   | Lost mutation: Your body sometimes deteriorates upon taking
                  | damage. [potion of mutation]
 86833 | Temple   | Lost mutation: You are strong-willed. (Will+) [potion of
                  | mutation]
 86833 | Temple   | Lost mutation: You have large cloven feet. [potion of
                  | mutation]
 86833 | Temple   | Lost mutation: Your flesh is cold resistant. (rC+) [potion
                  | of mutation]
 86833 | Temple   | Gained mutation: You occasionally lose the ability to read
                  | scrolls when taking damage. [potion of mutation]
 86833 | Temple   | Gained mutation: You have a pair of small horns on your
                  | head. [potion of mutation]
 86834 | Temple   | Lost mutation: You occasionally lose the ability to read
                  | scrolls when taking damage. [potion of mutation]
 86834 | Temple   | Lost mutation: You are frail. (-10% HP) [potion of
                  | mutation]
 86834 | Temple   | Lost mutation: You have a pair of small horns on your head.
                  | [potion of mutation]
 86834 | Temple   | Gained mutation: Armour fits poorly on your strangely
                  | shaped body. [potion of mutation]
 86834 | Temple   | Gained mutation: You expend magic power (3 MP) to
                  | strengthen your wands. [potion of mutation]
 86834 | Temple   | Gained mutation: You are occasionally teleported next to
                  | monsters. [potion of mutation]
 86835 | Temple   | Lost mutation: Armour fits poorly on your strangely shaped
                  | body. [potion of mutation]
 86835 | Temple   | Lost mutation: You expend magic power (3 MP) to strengthen
                  | your wands. [potion of mutation]
 86835 | Temple   | Lost mutation: You are occasionally teleported next to
                  | monsters. [potion of mutation]
 86835 | Temple   | Gained mutation: Your natural rate of healing is unusually
                  | fast. [potion of mutation]
 86835 | Temple   | Gained mutation: You are dopey. (Int -2) [potion of
                  | mutation]
 86835 | Temple   | Gained mutation: Your flesh is heat resistant. (rF+)
                  | [potion of mutation]
 87141 | Vaults:5 | Noticed a dread lich
 87142 | Vaults:5 | Noticed a dread lich
 87150 | Vaults:4 | Killed a dread lich
 87294 | Vaults:5 | Killed a dread lich
 87295 | Vaults:5 | Reached skill level 26 in Conjurations
 87394 | Vaults:5 | Identified the +5 shortbow of Fuisaboo {elec, rElec rPois
                  | rF+ rC+}
 87483 | Vaults:5 | Identified the +8 rapier "Birian" {freeze, rC- Str+4 Int+4}
 87560 | Vaults:5 | Gained mutation: Your spells are a little easier to cast,
                  | but a little less powerful. [a shining eye]
 87561 | Vaults:5 | Gained mutation: You are clumsy. (Dex -2) [a shining eye]
 87592 | Vaults:5 | Identified the staff "Conservator" {rC+ Will+ Int+3 Ice}
 87625 | Vaults:5 | Identified the +2 pair of gloves of Prudence {Fly rC- rN+}
 88030 | Vaults:5 | Got a silver rune of Zot
 88256 | Vaults:5 | Identified the +0 plate armour of the Zebrataur {Regen+}
 88462 | Vaults:5 | Identified the ring "Oqaemeuz" {rF+ Int+6 Dex+6 Slay-4}
 88472 | Vaults:5 | Got the Spellbook of the Wayfarer
 88473 | Vaults:5 | Identified the +0 pair of gloves of Disappointment
                  | {*Corrode Dex+2 Stlth+}
 88694 | Vaults:5 | Got Vougytze's Annotations on Exhalation
 89008 | Vaults:1 | Acquired 668 gold pieces
 89161 | D:10     | Voluntarily entered the Abyss.
 89280 | Abyss:1  | Found a corrupted altar of Lugonu.
 89624 | Abyss:2  | Found a corrupted altar of Lugonu.
 89975 | Abyss:2  | Reached skill level 27 in Conjurations
 90064 | Abyss:2  | Paralysed by an apocalypse crab for 5 turns
 90124 | Abyss:3  | Found a corrupted altar of Lugonu.
 90136 | Abyss:3  | Found a corrupted altar of Lugonu.
 90365 | Abyss:3  | Found a corrupted altar of Lugonu.
 90368 | Abyss:3  | Found a corrupted altar of Lugonu.
 90368 | Abyss:3  | Found a corrupted altar of Lugonu.
 90482 | Abyss:3  | Gained mutation: You occasionally lose the ability to drink
                  | potions when taking damage. [a cacodemon]
 90524 | Abyss:3  | Found a corrupted altar of Lugonu.
 90730 | Abyss:3  | Found a corrupted altar of Lugonu.
 90790 | Abyss:3  | Found a corrupted altar of Lugonu.
 90792 | Abyss:3  | Got an abyssal rune of Zot
 91080 | D:10     | Escaped the Abyss
 91086 | D:10     | Lost mutation: You occasionally lose the ability to drink
                  | potions when taking damage. [potion of mutation]
 91086 | D:10     | Lost mutation: Your flesh is heat resistant. (rF+) [potion
                  | of mutation]
 91086 | D:10     | Gained mutation: You have sharp toenails. [potion of
                  | mutation]
 91087 | D:10     | Lost mutation: You are clumsy. (Dex -2) [potion of
                  | mutation]
 91087 | D:10     | Lost mutation: Your natural rate of healing is unusually
                  | fast. [potion of mutation]
 91087 | D:10     | Lost mutation: Your spells are a little easier to cast, but
                  | a little less powerful. [potion of mutation]
 91087 | D:10     | Gained mutation: You are robust. (+10% HP) [potion of
                  | mutation]
 91087 | D:10     | Gained mutation: Armour fits poorly on your strangely
                  | shaped body. [potion of mutation]
 91099 | D:10     | Learned a level 9 spell: Fire Storm
 91442 | Depths:2 | Found a one-way gateway to a ziggurat.
 91562 | Pan      | Entered Pandemonium
 91831 | Pan      | Gained mutation: You have hidden genetic defects. [a
                  | neqoxec]
 91834 | Pan      | Lost mutation: You have hidden genetic defects. [potion of
                  | mutation]
 91834 | Pan      | Lost mutation: You are dopey. (Int -2) [potion of mutation]
 91834 | Pan      | Gained mutation: Your system is resistant to poisons.
                  | (rPois) [potion of mutation]
 91844 | Pan      | Reached skill level 1 in Earth Magic
 91860 | Pan      | Found a huge runed translucent gate.
 91861 | Pan      | Found a huge runed translucent gate.
 91863 | Pan      | Found a huge runed translucent gate.
 91864 | Pan      | Found a huge runed translucent gate.
 91865 | Pan      | Found a huge runed translucent gate.
 91866 | Pan      | Found a huge runed translucent gate.
 91867 | Pan      | Found a huge runed translucent gate.
 91874 | Pan      | Gained mutation: You occasionally lose the ability to read
                  | scrolls when taking damage. [a cacodemon]
 91914 | Pan      | Noticed Noci the pandemonium lord
 92125 | Pan      | Killed Noci the pandemonium lord
 92265 | Pan      | Got a demonic rune of Zot
 92474 | Pan      | Noticed Ignacio
 92485 | Pan      | Killed Ignacio
 92808 | Pan      | Entered the realm of Gloorx Vloq.
 92918 | Pan      | Reached skill level 5 in Earth Magic
 93396 | Pan      | Identified the +0 leather armour of the Comet {Will+
                  | Slay+5}
 93476 | Pan      | Found an exit through the horrors of the Abyss.
 94492 | Pan      | Noticed Gloorx Vloq
 94534 | Pan      | Killed Gloorx Vloq
 94730 | Pan      | Got a dark rune of Zot
 94946 | Pan      | Found an exit through the horrors of the Abyss.
 94969 | Pan      | Learned a level 8 spell: Lehudib's Crystal Spear
 95072 | Pan      | Found a runed translucent door.
 95079 | Pan      | Found a runed translucent door.
 95086 | Pan      | Found a runed translucent door.
 95086 | Pan      | Found a runed translucent door.
 95106 | Pan      | Noticed Ruonie the pandemonium lord
 95158 | Pan      | Learned a level 2 spell: Blink
 95179 | Pan      | Found an exit through the horrors of the Abyss.
 95277 | Pan      | Noticed Ciaphi Kebuo the pandemonium lord
 95289 | Pan      | Killed Ciaphi Kebuo the pandemonium lord
 95375 | Pan      | Learned a level 4 spell: Passage of Golubria
 95392 | Pan      | Identified the +3 rapier of Uncomfortable Rashes {elec,
                  | rElec rC+}
 95484 | Pan      | Entered the realm of Cerebov.
 95586 | Pan      | HP: 5/209 [balrug/divine providence (14)]
 95587 | Pan      | Slain by a balrug

Illustrated notes

Levels and vault maps discovered:
D:1:      shiori_arrival_maze, layout_loops_cross, minmay_misc_feat_x
D:2:      layout_basic, nicolae_ecumenical_pavilion, mrwooster_statue_mirror,
          moated_statue, corexii_shack, uniq_crazy_yiuf_cottage
D:3:      layout_loops_ring, zin_academy, nicolae_qazlal_scattered_showers,
          nicolae_eternal_life
D:4:      layout_loops_corners, serial_shops, nicolae_stop_n_shop_1,
          nicolae_kite_square_tiling_tiny
D:5:      layout_basic, grunt_temple_overflow_growth_and_decay, enter_ossuary_2,
          item_on_display_a, uniq_grinder
D:6:      layout_basic, minmay_temple_entry_wispy, grunt_decor_mini_mirrors,
          grunt_potential, uniq_jeremiah, uniq_prince_ribbit1
D:7:      layout_cave_pools, nicolae_ashenzari_skybound, minmay_statues_item,
          uniq_maurice
D:8:      layout_basic, minmay_lair_entry_grove
D:9:      layout_small_grid, grunt_temple_overflow_cloverleaf,
          nicolae_dithmenos_through_a_glass_darkly, uniq_pikel, uniq_maggie
D:10:     layout_grid_maze, nicolae_ru_sacrificial_ziggurat, serial_shops,
          nicolae_shop_back_alley_shop, gammafunk_ghost_abyssal_escape,
          chequers_serial_rivers_room_b
D:11:     layout_loops_cross, ebering_ghost_inner_flame,
          brannock_xom_greatest_gift
D:12:     layout_long_grid, david_orc_1_choice, serial_shops, bzr_entry_water
D:13:     layout_stronghold, erik_vaults_1, gauntlet_entry_generic,
          dancing_weapons_uskayaw, uniq_erolcha
D:14:     layout_basic, nicolae_sextant
D:15:     hangedman_depths_entry_try_elsewhere_first, layout_irregular_city,
          minmay_misc_feat_four_crosses
Temple:   minmay_temple_curvy_loop
Lair:1:   lemuel_reptile_caves, layout_loops_ring
Lair:2:   minmay_lair_oklob_tunnel, layout_chaotic_city,
          portal_ice_cave_entry_pillars_1, uniq_fannar
Lair:3:   layout_hall_layers, elwin_shoals_entry_stream,
          minmay_snake_entry_guardpost_medium, enter_volcano_2,
          beast_lair_carwin_7
Lair:4:   gammafunk_cloud_chamber, layout_cave_pods,
          nicolae_slime_entry_field_trip
Lair:5:   minmay_lair_end_enchanted_forest, layout_gridlike, lemuel_fruit_tree
Shoals:1: layout_shoals, hellmonk_ghost_happy_afterlife
Shoals:2: layout_shoals, nicolae_shoals_secluded_bog, uniq_polyphemus
Shoals:3: layout_shoals, serial_shops, nicolae_shop_stone
Shoals:4: shoals_end_grunt_garden, layout_shoals, nicolae_shoals_spectral_cove,
          uniq_nikola
Snake:1:  layout_misc_corridors, nrook_guardian_serpent_ordinary,
          minmay_shoptagon, uniq_aizul, uniq_jorgrun, uniq_donald
Snake:2:  layout_chambers, nicolae_snake_yet_another_twisty_hallway,
          nicolae_snake_salamander_stairs, uniq_vashnia
Snake:3:  layout_gridlike, uniq_louise
Snake:4:  grunt_snake_rune_pools, layout_misc_corridors
Slime:1:  layout_caves
Slime:2:  layout_caves
Slime:3:  layout_caves
Slime:4:  layout_caves
Slime:5:  slime_pit_nicolae_amoeboid
Orc:1:    layout_caves
Orc:2:    st_orc_town, layout_caves, serial_shops, shop, nicolae_shop_gadgets,
          uniq_sonja, uniq_azrael
Elf:1:    layout_rooms, serial_shops, shop, kennysheep_underground_church,
          uniq_norris
Elf:2:    elven_hall_of_blades_hangedman_original
          [nicolae_blade_entry_floor_patterns], layout_loops_ring, serial_shops,
          nicolae_shop_behind_doors
Elf:3:    grunt_elf_hall_branching, layout_geoelf_grid, serial_shops,
          nicolae_shop_drivethru, nicolae_shop_rolling_square, shop,
          chequers_big_river
Vaults:1: ebering_ghost_xom, nicolae_vaults_more_shelving_1,
          nicolae_vaults_door_testing_chamber, nicolae_vaults_little_ls,
          v_misc_25, vaults_mumra_minichess_inversion, v_misc_1,
          nicolae_vaults_trapezoid_3, vaults_dpeg_diagonal,
          nicolae_vaults_variable_pillar_hall, nicolae_vaults_six-pack,
          nicolae_vaults_rhombus_6, layout_vaults_quadrants
Vaults:2: nicolae_vaults_oval_intersection,
          nicolae_vaults_windows_and_doors_thing, minmay_crypt_entry_necro_gods,
          dpeg_vaults_monster_row, hangedman_vaults_capsules, v_misc_30,
          nicolae_vaults_closet_pinwheel_6, hangedman_vaults_slice,
          layout_vaults_omnicross, serial_shops, shop, uniq_boris,
          uniq_saint_roka
Vaults:3: gammafunk_ghost_mausoleum, nicolae_vaults_tetromino_Z_2, v_misc_2,
          nicolae_vaults_heist, vaults_room_semicircle, vaults_dpeg_ring,
          vaults_room_large_hall, v_misc_32, nicolae_vaults_weapon_check,
          layout_vaults_maze_snakey, serial_shops, nicolae_square_shop, shop,
          shop
Vaults:4: portal_desolation_entry_nicolae_slug, vaults_room_fours,
          hangedman_vaults_corner_blocks, nicolae_vaults_inception_scallops,
          vaults_mumra_hex, nicolae_vaults_wine_cellar,
          nicolae_vaults_closet_pinwheel_5, dpeg_vaults_monster_box,
          vaults_room_hallway, vaults_standard_mumra_enter_the_diamond,
          v_misc_13, nicolae_vaults_two_Ls, layout_vaults_big_room,
          serial_shops, nicolae_shop_competitors_out_of_business,
          uniq_frederick, uniq_mara
Vaults:5
Crypt:1:  layout_rooms, corner_web_ring
Crypt:2:  layout_chaotic_city, gammafunk_ghost_necromancy, mu_enter_wizlab_7,
          uniq_jory
Crypt:3:  evilmike_haunted_forest
Depths:1: layout_cave_shapes, grunt_pan_entry_in_and_out, okawaru_gym_becter,
          hell_entry, serial_shops, shop, nicolae_twisting_strands,
          worldfamousw_hep_ancestral_shrine
Depths:2: minmay_ambush_box, layout_basic, enter_ziggurat_c,
          pf_hell_entry_tar_river, hangedman_abyss_entry_splay,
          nemelex_lonely_heart_becter, grunt_pan_entry_sceptre,
          minmay_misc_feat_alley, uniq_sojobo
Depths:3: grunt_profane_halls [grunt_profane_loot, grunt_profane_temple_tar,
          grunt_profane_temple_coc, grunt_profane_temple_geh,
          grunt_profane_temple_dis], hell_entry, abyss_entry
Depths:4: grunt_zot_entry_pinwheel, layout_cave_shapes,
          nicolae_trove_entry_diagonal, kiku_gazebo_pond_becter,
          lightli_too_deep, amcnicky_mini_pool_small, uniq_vv
Zot:1:    grunt_zot_stairs_mandelzot, layout_misc_corridors, uniq_grunn
Zot:2:    layout_basic, nicolae_transporter_intersection
Zot:3:    layout_cathedral_of_symmetry, hellmonk_greenhouse_of_terror,
          uniq_tiamat
Zot:4:    dreamdust_zin_vs_xom, layout_twisted_circle,
          regret_index_zotdec_demonic_mixed
Zot:5:    layout_cathedral_of_symmetry, hangedman_zot_decor_scrapings
Pan:      nicolae_pan_giant_door, layout_small_grid, uniq_ignacio,
          nicolae_pan_mnolegish_4, nicolae_pan_sigil_obb, gloorx_vloq,
          layout_cellular_growth, rand_demon_7, layout_cellular_growth,
          evilmike_mini_pan_doors, layout_grid_shapes,
          nicolae_pan_gloorx_vloqian_4, lemuel_hellion_island, layout_long_grid,
          nicolae_pan_sigil_uleosi, nicolae_pan_double_arrow, layout_basic,
          cerebov, layout_cellular_growth

Skill      XL: |  1  2  3  4  5  6  7  8  9 10 11 12 13 14 15 16 17 18 19 20 21 22 23 24 25 26 27 |
---------------+----------------------------------------------------------------------------------+-----
Stealth        | 2 |  2.0
Dodging        | 2 4 5 8 10 | 10.2
Fighting       | 1 4 6 8 9 10 | 10.0
Conjurations   | 2 3 4 8 11 18 22 25 27 | 27.0
Fire Magic     | 3 4 5 7 8 10 11 14 18 21 22 23 24 | 24.5
Translocations | 1 2 3 5 6 11 12 13 | 13.0
Spellcasting   | 3 6 7 10 11 12 14 15 19 | 19.6
Throwing       | 1 2 |  2.0
Armour         | 4 5 8 10 | 10.0
Hexes          | 3 5 |  5.0
Evocations     | 5 |  5.0
Unarmed Combat | 1 |  1.0
Ranged Weapons | 2 3 6 8 11 13 15 18 | 18.0
Shields        | 5 9 10 | 10.0
Air Magic      | 5 |  5.0
Alchemy        | 5 |  5.0
Earth Magic    | 9 |  9.9

Action                     |  1- 3 |  4- 6 |  7- 9 | 10-12 | 13-15 | 16-18 | 19-21 | 22-24 | 25-27 || total
---------------------------+-------+-------+-------+-------+-------+-------+-------+-------+-------++-------
  Melee: Dagger            |    22 |    63 |    74 |       |       |       |       |       |       ||   159
         Punch             |     1 |     1 |       |       |       |       |       |       |       ||     2
         Unarmed           |       |       |    21 |    36 |       |       |       |       |       ||    57
   Fire: Shortbow          |       |       |    94 |   549 |   369 |       |       |       |       ||  1012
         Arbalest          |       |       |       |       |   275 |       |       |       |       ||   275
         Hand cannon       |       |       |       |       |   337 |  1158 |  1277 |  1687 |  2664 ||  7123
  Throw: Dart              |       |    21 |       |       |       |       |       |       |       ||    21
   Cast: Foxfire           |    70 |    56 |    61 |     2 |       |       |       |       |       ||   189
         Scorch            |     2 |    28 |    52 |    72 |    14 |       |       |       |       ||   168
         Volatile Blastmot |       |       |    14 |    21 |    14 |     2 |       |       |       ||    51
         Inner Flame       |       |       |    12 |    19 |    48 |    12 |     7 |       |       ||    98
         Flame Wave        |       |       |       |    21 |     6 |     1 |       |       |       ||    28
         Iskenderun's Myst |       |       |       |    52 |   173 |    92 |    19 |    40 |   108 ||   484
         Fulminant Prism   |       |       |       |       |    31 |       |       |       |       ||    31
         Sticky Flame      |       |       |       |       |    10 |       |       |       |       ||    10
         Dimensional Bulls |       |       |       |       |     2 |     7 |    20 |    13 |    12 ||    54
         Irradiate         |       |       |       |       |     1 |     6 |     5 |    18 |    10 ||    40
         Yara's Violent Un |       |       |       |       |     1 |     6 |     1 |     1 |     1 ||    10
         Starburst         |       |       |       |       |       |     4 |     8 |    24 |    20 ||    56
         Plasma Beam       |       |       |       |       |       |     9 |    16 |    34 |    27 ||    86
         Ignition          |       |       |       |       |       |       |       |   105 |   123 ||   228
         Dispersal         |       |       |       |       |       |       |       |     1 |     4 ||     5
         Orb of Destructio |       |       |       |       |       |       |       |       |   107 ||   107
         Fire Storm        |       |       |       |       |       |       |       |       |    14 ||    14
         Lehudib's Crystal |       |       |       |       |       |       |       |       |     5 ||     5
         Passage of Golubr |       |       |       |       |       |       |       |       |     3 ||     3
  Evoke: Wand              |       |       |     9 |     6 |    25 |     8 |     1 |     2 |     9 ||    60
         Condenser vane    |       |       |       |       |       |     1 |     2 |       |       ||     3
         Phial of floods   |       |       |       |       |       |     1 |     3 |       |     1 ||     5
         Phantom mirror    |       |       |       |       |       |       |     2 |     1 |     3 ||     6
    Use: Scroll            |       |     5 |       |    14 |    22 |    13 |     2 |    12 |    42 ||   110
         Potion            |       |       |       |     3 |       |     6 |     5 |     8 |    34 ||    56
   Stab: Sleeping          |       |     1 |       |       |       |       |       |       |       ||     1
         Paralysed         |       |       |     4 |       |       |       |       |       |       ||     4
 Armour: Robe              |    32 |     9 |       |       |       |       |       |       |       ||    41
         Leather armour    |       |    38 |    35 |       |       |       |   442 |   476 |       ||   991
         Ring mail         |       |       |    74 |    90 |       |       |       |   142 |       ||   306
         Steam dragon scal |       |       |       |   206 |   464 |   391 |    31 |       |       ||  1092
         Skin              |       |       |       |       |       |       |       |    29 |   105 ||   134
         Troll leather arm |       |       |       |       |       |       |       |   329 |    54 ||   383
         Ice dragon scales |       |       |       |       |       |       |       |       |  2704 ||  2704
  Dodge: Dodged            |    37 |    48 |   154 |   441 |   652 |   296 |   307 |   447 |   977 ||  3359
  Block: Buckler           |       |       |       |       |   107 |    26 |       |       |       ||   133
         Reflection        |       |       |       |       |    13 |    86 |    68 |    20 |    38 ||   225
         Kite shield       |       |       |       |       |       |   338 |   583 |   944 |  2093 ||  3958
         Form:             |     1 |       |       |       |       |       |       |       |       ||     1
         Beast             |     1 |       |       |       |       |       |       |       |       ||     1
